 Dungeon Crawl Stone Soup version 0.20.0-9-g8272e65 (webtiles) character file.

121 Pikken the Shield-Bearer (level 5, 0/33 HPs)
             Began as a Gargoyle Fighter on June 3, 2017.
             Was an Initiate of Okawaru.
             Slain by an orc wizard
             ... wielding a +5 dagger
              (2 damage)
             ... on level 3 of the Dungeon.
             The game lasted 00:07:52 (1844 turns).

Pikken the Shield-Bearer (Gargoyle Fighter)         Turns: 1844, Time: 00:07:53

Health: 0/33       AC: 12    Str: 25    XL:     5   Next: 5%
Magic:  5/5        EV:  8    Int:  8    God:    Okawaru [......]
Gold:   156        SH:  0    Dex: 10    Spells: 4/4 levels left

rFire    . . .     SeeInvis .   l - +1 mace (protect)
rCold    . . .     Gourm    .   c - +0 shield
rNeg     + . .     Faith    .   b - +0 scale mail
rPois    ∞         Spirit   .   (no helmet)
rElec    +         Reflect  .   (no cloak)
rCorr    .         Harm     .   (no gloves)
MR       .....                  e - +0 pair of boots
Stlth    ..........             (no amulet)
Regen    0.2/turn               (no ring)
MPRegen  0.1/turn               (no ring)

@: confused, mighty
A: negative energy resistance 1, electricity resistance, unbreathing,
petrification resistance, rot immunity, AC +4
a: Renounce Religion


You were on level 3 of the Dungeon.
You worshipped Okawaru.
Okawaru was noncommittal.
You were not hungry.

You visited 1 branch of the dungeon, and saw 3 of its levels.

You collected 156 gold pieces.

Inventory:

Hand Weapons
 a - a +0 flail
 l - a +1 mace of protection (weapon)
Armour
 b - a +0 scale mail (worn)
 c - a +0 shield (worn)
 e - a +0 pair of boots (worn)
Jewellery
 m - an uncursed ring of protection from fire {unknown}
Scrolls
 g - a scroll of magic mapping {unknown}
 h - 3 scrolls of identify
 i - 2 scrolls of blinking {unknown}
Potions
 k - a potion of degeneration {unknown}
 n - a potion of haste {unknown}
Comestibles
 f - a bread ration
 j - 2 royal jellies


   Skills:
 * Level 3.7 Fighting
 + Level 3.0 Maces & Flails
 * Level 3.9 Armour
 * Level 1.2 Dodging
 + Level 4.2 Shields


You had 4 spell levels left.
You didn't know any spells.

Dungeon Overview and Level Annotations

Branches:
Dungeon (3/15)

Altars:
Hepliaklqana
Okawaru


Innate Abilities, Weirdness & Mutations

You are resistant to torment.
Your stone body is resilient. (AC +4)
You are immune to poison.
You resist negative energy. (rN+)
You are resistant to electric shocks. (rElec)
You can survive without breathing.
You are immune to petrification.
You are immune to rotting.


Message History

The orc wizard closely misses you.
You're too confused to move!
The giant cockroach bites you but does no damage.
The orc wizard closely misses you. The giant cockroach bites you.
* * * LOW HITPOINT WARNING * * *
You bump into the rock wall.
The giant cockroach bites you but does no damage.
The orc wizard hits you but does no damage.
You sock the giant cockroach!
Your weapon exudes an aura of protection.
You kill the giant cockroach!
Okawaru accepts your kill.
The orc wizard hits you but does no damage.
There is an open door here.
Things that are here:
a giant cockroach corpse x2
There is a hazy altar of Hepliaklqana here.
You bump into the rock wall.
The orc wizard hits you with an enchanted dagger.
You die...

#.#.#....#........####
#....................#
.
#.#†#........#####.###
.. #..............#
#.# ..#............#.#
#.###
(.....###.###...#.#
#...# ...##..# #.#
#...#.# ##### ...
#...###'###...#.# ##
##..)oo@###..[#.#
#..###'###...#.# #..#
#.# #...#.# # #.#
#.###.# ... ... ###


You could see an orc wizard and an orc.

Vanquished Creatures
  An orc priest (D:3)
  2 adders (D:2)
  An ooze (D:2)
  2 dart slugs (D:1)
  A leopard gecko (D:1)
  An orc (D:3)
  15 giant cockroaches
  5 goblins
  5 hobgoblins
  7 jackals
  2 kobolds
  6 bats
  3 frilled lizards
  4 rats
55 creatures vanquished.

Notes
Turn   | Place    | Note
-------+----------+-------------------------------------------
     0 | D:1      | Pikken the Gargoyle Fighter began the quest for the Orb.
     0 | D:1      | Reached XP level 1. HP: 14/14 MP: 1/1
   160 | D:1      | Reached XP level 2. HP: 14/19 MP: 2/2
   617 | D:1      | Reached XP level 3. HP: 23/23 MP: 3/3
   904 | D:2      | Reached skill level 4 in Shields
  1016 | D:2      | Reached XP level 4. HP: 28/28 MP: 4/4
  1365 | D:2      | Reached skill level 1 in Dodging
  1438 | D:2      | Found an iron altar of Okawaru.
  1447 | D:2      | Became a worshipper of Warmaster Okawaru
  1771 | D:3      | Found a hazy altar of Hepliaklqana.
  1829 | D:3      | Reached XP level 5. HP: 6/33 MP: 5/5
  1839 | D:3      | HP: 1/33 [giant cockroach (2)]
  1844 | D:3      | Slain by an orc wizard

Skill      XL: |  1  2  3  4 |
---------------+-------------+-----
Shields        | 4 |  4.2
Dodging        | 1 |  1.2
Maces & Flails | 3 |  3.0
Fighting       | |  3.7
Armour         | |  3.9

Action                   |  1- 3 |  4- 6 || total
-------------------------+-------+-------++-------
Melee: Flail             |   136 |    11 ||   147
       Mace              |       |    80 ||    80
  Use: Scroll            |     2 |     1 ||     3
       Potion            |       |     1 ||     1
  Eat: Fruit             |     1 |     1 ||     2
       Bread ration      |       |     1 ||     1
Armor: Scale mail        |    87 |   102 ||   189
Dodge: Dodged            |    58 |    61 ||   119
Block: Shield            |    76 |    75 ||   151
